 Dungeon Crawl Stone Soup version 0.20.1-1-g8b1a95d (webtiles) character file.

18 dohliylev the Vexing (level 2, -2/19 HPs)
             Began as a Vampire Enchanter on July 8, 2017.
             Slain by an adder (3 damage)
             ... on level 2 of the Dungeon.
             The game lasted 00:03:57 (684 turns).

dohliylev the Vexing (Vampire Enchanter)             Turns: 684, Time: 00:03:58

Health: -2/19      AC:  3    Str:  7    XL:     2   Next: 51%
Magic:  1/5        EV: 12    Int: 17    God:
Gold:   42         SH:  0    Dex: 14    Spells: 2/5 levels left

rFire    + . .     SeeInvis +   a - +1 dagger
rCold    . . .     Gourm    .   (no shield)
rNeg     + . .     Faith    .   b - +0 robe
rPois    .         Spirit   .   (no helmet)
rElec    .         Reflect  .   (no cloak)
rCorr    .         Harm     .   n - +0 pair of gloves
MR       .....                  (no boots)
Stlth    +++.......             (no amulet)
Regen    0.1/turn               i - ring of protection from fire
MPRegen  0.1/turn               (no ring)

@: lethally poisoned (-2 -> -7), very slightly contaminated
A: fangs 3, see invisible, unbreathing
a: no special abilities


You were on level 2 of the Dungeon.
You were not thirsty.

You visited 1 branch of the dungeon, and saw 2 of its levels.

You collected 42 gold pieces.

Inventory:

Hand Weapons
 a - a +1 dagger (weapon)
Armour
 b - a +0 robe (worn)
 l - a +0 shield
 n - a +0 pair of gloves (worn)
Jewellery
 i - a ring of protection from fire (left hand)
Scrolls
 g - 2 scrolls of identify {unknown}
 h - a scroll of blinking {unknown}
 j - a scroll of enchant armour {unknown}
 k - a scroll of immolation {unknown}
 m - a scroll of enchant weapon {unknown}
Potions
 d - 8 potions of blood
 e - a potion of might {unknown}
 f - 2 potions of curing {unknown}
Books
 c - a book of Maledictions

   Spells                             Type                      Level
   a - Corona                         Hexes                        1
   b - Ensorcelled Hibernation        Hexes/Ice                    2
   c - Confuse                        Hexes                        3
   d - Tukima's Dance                 Hexes                        3
   e - Dazzling Spray                 Conjuration/Hexes            3


   Skills:
 + Level 1.1 Short Blades
 + Level 2.2 Dodging
 * Level 5.1 Stealth
 + Level 2.0 Spellcasting
 + Level 5.1 Hexes


You had 2 spell levels left.
You knew the following spells:

 Your Spells              Type           Power        Failure   Level  Hunger
a - Corona                Hex            ###....      2%          1    #......
b - Ensorcelled Hibernat  Hex/Ice        ##....       10%         2    ###....


Dungeon Overview and Level Annotations

Branches:
Dungeon (2/15)

Altars:


Innate Abilities, Weirdness & Mutations

You have razor-sharp teeth.
You have supernaturally acute eyesight. (SInv)
You can survive without breathing.


Message History

The adder is heavily wounded.
You feel sick. The adder misses you.
You barely miss the adder.
The adder is heavily wounded.
The adder bites you.
You hit the adder.
The adder is severely wounded.
You feel sick. The adder closely misses you.
You hit the adder.
The adder is severely wounded.
The adder closely misses you. The adder bites you.
* * * LOW HITPOINT WARNING * * *
You closely miss the adder.
The adder is severely wounded.
* * * LOW HITPOINT WARNING * * *
You feel sick. The adder bites you but does no damage.
You see here 3 tomahawks of dispersal.
* * * LOW HITPOINT WARNING * * *
You feel sick. The adder bites you.
You die...

### #########.##
#........#.# ######
##########.#######.##
...... .)............#
#.###..#...
.####......##.#
#.#)>....# .#
#.##.####.####.#.....#
.# #.##.# #...@S.......#
.# ..##.#
#...###.......## .#
#.###............).....#
.# #.
#####.#####.##....... .#
#. # #.# #.#..## ## #.
#.# .# .# #.# # #
####.## #.# ....... #.#


You could see an adder.

Vanquished Creatures
  A dart slug (D:1)
  A giant cockroach (D:2)
  3 goblins
  4 hobgoblins (D:1)
  3 bats (D:1)
  A frilled lizard (D:2)
  A kobold (D:2)
  A rat (D:1)
15 creatures vanquished.

Notes
Turn   | Place    | Note
-------+----------+-------------------------------------------
     0 | D:1      | dohliylev the Vampire Enchanter began the quest for the Orb.
     0 | D:1      | Reached XP level 1. HP: 13/13 MP: 3/3
   134 | D:1      | Reached XP level 2. HP: 13/19 MP: 3/5
   351 | D:1      | Reached skill level 5 in Stealth
   356 | D:1      | Reached skill level 5 in Hexes
   592 | D:2      | Learned a level 2 spell: Ensorcelled Hibernation
   684 | D:2      | Slain by an adder

Skill      XL: |  1  2 |
---------------+-------+-----
Stealth        | 5 |  5.1
Hexes          | 5 |  5.1
Short Blades   | |  1.1
Dodging        | |  2.2
Spellcasting   | |  2.0

Action                   || total
-------------------------++-------
Melee: Dagger            ||    63
       Bite              ||     4
 Cast: Corona            ||     9
       Ensorcelled Hiber ||     1
 Stab: Sleeping          ||     3
Armor: Robe              ||    18
Dodge: Dodged            ||    44
Block: Shield            ||     5
